 Dungeon Crawl Stone Soup version 0.30-a0-1018-g25214051b3 (webtiles) character file.

Game seed: 17079663460472389392

25293 gelatine the Protected (level 12, -12/96 HPs)
             Began as a Demonspawn Fighter on Apr 7, 2023.
             Mangled by a reaper
             ... wielding a +2 scythe of freezing
              (38 damage)
             ... in an ice cave.
             The game lasted 00:40:13 (12885 turns).

gelatine the Protected (Demonspawn Fighter)        Turns: 12885, Time: 00:40:14

Health: -12/96     AC: 20    Str: 25    XL:     12   Next: 88%
Magic:  0/12       EV: 18    Int: 10    God:
Gold:   608        SH:  0    Dex: 12    Spells: 11/11 levels left

rFire   . . .      SeeInvis .    v - +7 hammer of Romnoph {vamp, rC+ Will+ Str+3}
rCold   + . .      Faith    .    (no shield)
rNeg    . . .      Spirit   +    S - +2 scale mail {Will+}
rPois   .          Reflect  .    (no helmet)
rElec   +          Rampage  .    E - scarf {repulsion}
rCorr   .                        (gloves unavailable)
Will    ++...                    (no boots)
Stlth   +                        B - amulet of guardian spirit
HPRegen 0.36/turn                b - +4 ring of protection
MPRegen 0.26/turn                J - +5 ring of evasion

@: sanguine armoured, repel missiles
A: magic regeneration, sanguine armour 1, demonic touch 3, electricity
resistance, MP-powered wands, noise suppression
a: no special abilities


You were in an ice cave.
You visited 3 branches of the dungeon, and saw 15 of its levels.
You also visited: Sewer and Ice Cave.

You collected 608 gold pieces.

Inventory:

Hand Weapons
 a - a +1 war axe of venom
 u - the +5 dagger "Aprirph" {heavy, Fly rC+ SInv}
   (You found it on level 2 of the Dungeon)

   rC:        It protects you from cold.
   SInv:      It lets you see invisible.
   Fly:       It grants you flight.
 v - the +7 hammer of Romnoph (weapon) {vamp, rC+ Will+ Str+3}
   (You found it on level 2 of the Dungeon)

   Str:       It affects your strength (+3).
   rC:        It protects you from cold.
   Will:      It increases your willpower.
 A - a +2 war axe of electrocution
 K - a +6 sling of draining
 Z - a +1 war axe of freezing
Missiles
 Q - 2 throwing nets
 T - 2 boomerangs (quivered)
Armour
 c - a +2 buckler of cold resistance
 e - a +3 leather armour
 p - a +1 cloak
 D - a +4 scale mail
 E - a scarf of repulsion (worn)
 G - a +2 robe of willpower
 S - a +2 scale mail of willpower (worn)
Jewellery
 b - a +4 ring of protection (left hand)
 g - a +4 ring of protection
 x - a ring of poison resistance
 y - a ring of see invisible
 B - an amulet of guardian spirit (around neck)
 H - an amulet of magic regeneration
 J - a +5 ring of evasion (right hand)
 M - a +6 ring of strength
 V - a ring of resist corrosion
 Y - a ring of positive energy
Wands
 d - a wand of paralysis (2)
 r - a wand of polymorph (13)
 w - a wand of mindburst (23)
 F - a wand of flame (26)
 X - a wand of roots (3)
Scrolls
 f - 4 scrolls of enchant weapon
 h - 9 scrolls of vulnerability
 i - 2 scrolls of fog
 j - 2 scrolls of torment
 k - 4 scrolls of blinking
 m - 2 scrolls of magic mapping
 n - 3 scrolls of teleportation
 q - 6 scrolls of noise
 C - a scroll of fear
 L - 3 scrolls of poison
Potions
 l - 3 potions of brilliance
 o - 6 potions of curing
 t - 2 potions of berserk rage
 z - a potion of flight
 I - a potion of magic
 O - 2 potions of mutation
 P - a potion of resistance
 U - a potion of attraction
Miscellaneous
 s - a piece from Xom's chessboard (13/15)


   Skills:
 * Level 9.4 Fighting
 + Level 5.1(8.0) Axes
 + Level 9.5(10.1) Maces & Flails
 + Level 4.5 Throwing
 * Level 10.1 Armour
 * Level 7.0 Dodging
 + Level 2.2 Stealth
 * Level 8.2 Shields
 + Level 1.2 Evocations


You had 11 spell levels left.
You didn't know any spells.
Your spell library contained the following spells:

 Spells                   Type           Power      Damage    Failure   Level
 Beastly Appendage        Tmut           0%         N/A       58%         1
 Sandblast                Erth           0%         2d4       58%         1
 Shock                    Conj/Air       0%         1d3       58%         1
 Passwall                 Tmut/Erth      0%         N/A       75%         2
 Sublimation of Blood     Necr           0%         N/A       75%         2
 Wereblood                Tmut           0%         N/A       75%         2
 Spider Form              Tmut/Pois      0%         N/A       92%         3
 Stone Arrow              Conj/Erth      0%         3d7       92%         3
 Swiftness                Air            0%         N/A       92%         3
 Vhi's Electric Charge    Tloc/Air       0%         N/A       92%         3
 Airstrike                Air            0%         2d(0-16)  100%        4
 Petrify                  Tmut/Erth      0%         N/A       100%        4
 Arcjolt                  Conj/Air       0%         1d10      100%        5
 Irradiate                Conj/Tmut      0%         3d11      100%        5
 Maxwell's Capacitive Co  Air            0%         ∞         100%        8


Dungeon Overview and Level Annotations

Branches:
Dungeon (10/15)            Temple (1/1) D:4            Lair (4/5) D:10
  Swamp (0/4) Lair:3        Sewer (visited)           IceCv (1/1)
  Snake: Lair:2-3    Spider: Lair:2-3     Slime: Lair:4-5       Orc: D:9-12

Altars:
Ashenzari
Cheibriados
Dithmenos
Fedhas
Gozag
Hepliaklqana
Kikubaaqudgha
Makhleb
Nemelex Xobeh
Okawaru
Qazlal
Ru
Sif Muna
Trog
Uskayaw
Vehumet
Wu Jian
Xom
Yredelemnul

Shops:
D:7 (

Annotations:
D:10 2 transporters, GigaChad's ghost, journeyman FoFi


Innate Abilities, Weirdness & Mutations

You regenerate magic rapidly.
When seriously injured, your blood forms armour. (AC +6)
Your touch may irresistibly damage your foes and sap their willpower.
You are resistant to electric shocks. (rElec)
You expend magic power (3 MP) to strengthen your wands.
You passively dampen the noise of your surroundings.


Message History

The reaper is moderately wounded.
Aiming: Fastroot
Press: ? - help, Q - select action, (/) - cycle Shift-Dir - straight line, f/p - reaper
Aim: a reaper, wielding a +2 scythe of freezing, wearing a +1 robe of cold resistance and wearing a ring of ice (moderately wounded, misshapen and mutated, covered in acid)
The roots erupt in riotous growth!
Roots grab the reaper.
The grasping roots constrict the reaper.
The reaper struggles to escape constriction.
Aiming: Throw Flame
Press: ? - help, Q - select action, (/) - cycle Shift-Dir - straight line, f/p - reaper
Aim: a reaper, wielding a +2 scythe of freezing, wearing a +1 robe of cold resistance and wearing a ring of ice (heavily wounded, misshapen and mutated, covered in acid, constricted by roots, 100% to hit)
The puff of flame hits the reaper.
The reaper is burned terribly!
The reaper is heavily wounded.
The grasping roots constrict the reaper.
The reaper escapes!
Aiming: Throw Flame
Press: ? - help, Q - select action, (/) - cycle Shift-Dir - straight line, f/p - reaper
Aim: a reaper, wielding a +2 scythe of freezing, wearing a +1 robe of cold resistance and wearing a ring of ice (heavily wounded, misshapen and mutated, covered in acid, 68% to hit)
The puff of flame hits the reaper.
The reaper is burned terribly!
The reaper is severely wounded.
The reaper barely misses you.
The reaper hits you with a +2 scythe of freezing!!
The reaper freezes you.
You sock the reaper!
You touch the reaper!
You sap its willpower!
The reaper is almost dead.
The reaper barely misses you.
You completely miss the reaper.
The reaper is almost dead.
The reaper hits you with a +2 scythe of freezing.
The reaper freezes you.
You hit the reaper.
The reaper is almost dead.
The reaper seems to return to its normal shape.
The reaper hits you with a +2 scythe of freezing!
* * * LOW HITPOINT WARNING * * *
The reaper freezes you.
* * * LOW HITPOINT WARNING * * *
You feel better.
The reaper hits you with a +2 scythe of freezing!!!
You die...

##...# #.........#..
##...## ....Z.##Z....
#...##### ....###......
#..##≈≈≈#.....#........
##..#.≈≈≈.#.....##..###
##...# ##....##....
####..#### ###........
#.#....#.### ###.......
#......@2Z.####≈≈≈######
#............###≈≈≈# #
#...............##.######
##..........#.........##.
#..........###.#.........
##........## ######..##..
##...##### #...##...
##### #...###.# ##....###


You could see a reaper (weak-willed, corroded) and a death yak simulacrum.

Vanquished Creatures
  Harold (D:9)
  Erica (D:8)
  4 two-headed ogres
  Amaemon (Lair:1)
  Pikel (D:6)
  An ugly thing (IceCv)
  A black mamba (Lair:1)
  2 ice statues (IceCv)
  Joseph (D:7)
  A gargoyle (D:7)
  5 cane toads
  An orange demon (Lair:1)
  Psyche (D:8)
  7 komodo dragons
  A rime drake (Lair:1)
  A kobold demonologist (D:7)
  6 ice devils (IceCv)
  3 trolls
  Grinder (D:4)
  Sigmund (D:5)
  A shadow (D:9)
  35 yaks
  A vampire (D:7)
  A dire elephant simulacrum (IceCv)
  4 wyverns
  A basilisk (Lair:1)
  Eustachio (D:4)
  2 death yak simulacra (IceCv)
  3 steam dragons
  2 vampire mosquitoes (D:10)
  An acid dragon (D:9)
  2 water moccasins
  5 orc warriors
  An ice beast (D:7)
  3 sky beasts
  2 ogres
  4 wolves (Lair:1)
  2 centaurs
  A kobold brigand (D:7)
  11 bullfrogs
  2 scorpions
  2 two-headed ogre simulacra (IceCv)
  A cane toad simulacrum (IceCv)
  4 wights (D:6)
  8 killer bees (D:9)
  3 howler monkeys
  2 hounds
  2 jellies
  6 orc priests
  Crazy Yiuf (D:2)
  5 iguanas
  11 orc wizards
  A sleepcap (D:6)
  Natasha (twice) (D:4)
  A polar bear simulacrum (IceCv)
  A spriggan simulacrum (IceCv)
  2 wolf simulacra (IceCv)
  3 naga simulacra (IceCv)
  2 river rats (D:3)
  9 adders
  3 shadow imps
  14 white imps
  7 ufetubi
  A worm (D:2)
  A dart slug (D:3)
  29 orcs
  8 endoplasms
  19 giant cockroaches
  3 goblins
  8 hobgoblins
  5 jackals (D:4)
  4 quokkas
  11 ball pythons
  5 bats
  7 frilled lizards
  10 kobolds
  6 rats
333 creatures vanquished.

Vanquished Creatures (others)
  An orc warrior (D:8)
  9 fungi
  16 plants
26 creatures vanquished.

Grand Total: 359 creatures vanquished

Notes
Turn   | Place    | Note
-------+----------+-------------------------------------------
     0 | D:1      | gelatine the Demonspawn Fighter began the quest for the
                  | Orb.
     0 | D:1      | Reached XP level 1. HP: 18/18 MP: 1/1
   162 | D:1      | Gained mutation: Your touch may inflict minor irresistible
                  | damage on your foes. [demonic ancestry]
   162 | D:1      | Reached XP level 2. HP: 22/24 MP: 2/2
   591 | D:2      | Reached skill level 3 in Armour
   656 | D:2      | Gained mutation: Your touch may inflict irresistible damage
                  | on your foes. [demonic ancestry]
   656 | D:2      | Reached XP level 3. HP: 29/29 MP: 3/3
   924 | D:2      | You fall into a shaft and drop 1 floor!
   991 | D:3      | Gained mutation: You have hidden genetic potential. [potion
                  | of mutation]
   991 | D:3      | Gained mutation: You are frail. (-10% HP) [potion of
                  | mutation]
   991 | D:3      | Lost mutation: You are frail. (-10% HP) [potion of
                  | mutation]
   991 | D:3      | Gained mutation: You are resistant to electric shocks.
                  | (rElec) [potion of mutation]
  1248 | D:3      | Gained mutation: You regenerate magic rapidly. [demonic
                  | ancestry]
  1248 | D:3      | Reached XP level 4. HP: 35/35 MP: 4/4
  1412 | D:3      | Reached skill level 1 in Dodging
  1418 | D:3      | Gained mutation: You passively dampen the noise of your
                  | surroundings. [hidden potential]
  1530 | D:3      | Found a glowing drain.
  1538 | Sewer    | Entered a sewer
  1647 | Sewer    | Reached XP level 5. HP: 41/41 MP: 5/5
  1795 | Sewer    | Gained mutation: You expend magic power (3 MP) to
                  | strengthen your wands. [hidden potential]
  1795 | Sewer    | Lost mutation: You have hidden genetic potential. [hidden
                  | potential expressed]
  1848 | Sewer    | Reached XP level 6. HP: 47/47 MP: 6/6
  2903 | D:2      | Identified the +5 dagger "Aprirph" {heavy, Fly rC+ SInv}
  2992 | D:2      | Identified the +7 hammer of Romnoph {vamp, rC+ Will+ Str+3}
  2995 | D:2      | Found a runed translucent door.
  2996 | D:2      | Noticed Crazy Yiuf
  3005 | D:2      | Killed Crazy Yiuf
  3156 | D:4      | Noticed Eustachio
  3169 | D:4      | Noticed Natasha
  3175 | D:4      | Killed Eustachio
  3181 | D:4      | Killed Natasha
  3182 | D:4      | Reached XP level 7. HP: 46/53 MP: 7/7
  3232 | D:4      | Found a staircase to the Ecumenical Temple.
  3241 | Temple   | Entered the Ecumenical Temple
  3614 | D:4      | Noticed Grinder
  3629 | D:4      | Killed Grinder
  3630 | D:4      | Reached skill level 5 in Axes
  3630 | D:4      | Reached skill level 1 in Maces & Flails
  3630 | D:4      | Reached skill level 1 in Stealth
  3630 | D:4      | Reached skill level 1 in Evocations
  3715 | D:4      | Noticed Natasha
  3721 | D:4      | Killed Natasha
  3722 | D:4      | Reached skill level 1 in Throwing
  4010 | D:5      | Entered Level 5 of the Dungeon
  4349 | D:5      | Gained mutation: Your touch may irresistibly damage your
                  | foes and sap their willpower. [demonic ancestry]
  4349 | D:5      | Reached XP level 8. HP: 52/60 MP: 8/8
  4402 | D:5      | Noticed Sigmund
  4408 | D:5      | Killed Sigmund
  4409 | D:5      | Reached skill level 4 in Armour
  4981 | D:6      | Noticed Pikel
  4994 | D:6      | Killed Pikel
  4995 | D:6      | Reached skill level 5 in Fighting
  4995 | D:6      | Reached XP level 9. HP: 57/68 MP: 7/9
  4996 | D:6      | Reached skill level 5 in Shields
  5363 | D:6      | Reached skill level 5 in Armour
  5765 | D:7      | Reached skill level 5 in Maces & Flails
  5814 | D:7      | Reached skill level 6 in Armour
  5884 | D:7      | Noticed Joseph
  5900 | D:7      | Killed Joseph
  6062 | D:7      | Reached XP level 10. HP: 76/76 MP: 8/10
  6197 | D:7      | Found Disa's Weapon Emporium.
  6400 | D:7      | Noticed a two-headed ogre
  6410 | D:7      | Killed a two-headed ogre
  6608 | D:7      | Noticed a gargoyle
  6618 | D:7      | Killed a gargoyle
  6627 | D:7      | Reached skill level 5 in Dodging
  6994 | D:8      | Reached skill level 7 in Armour
  7049 | D:8      | Noticed a two-headed ogre
  7061 | D:8      | Killed a two-headed ogre
  7135 | D:8      | Noticed Erica
  7145 | D:8      | Killed Erica
  7184 | D:8      | Noticed Psyche
  7196 | D:8      | Killed Psyche
  7450 | D:8      | Gained mutation: When seriously injured, your blood forms
                  | armour. (AC +6) [demonic ancestry]
  7450 | D:8      | Reached XP level 11. HP: 73/84 MP: 11/11
  7901 | D:9      | Found a hide-covered altar of Uskayaw.
  7906 | D:9      | Found a shimmering altar of Xom.
  8213 | D:9      | Noticed Harold
  8242 | D:9      | Killed Harold
  8435 | D:10     | Entered Level 10 of the Dungeon
  8453 | D:10     | Reached skill level 8 in Armour
  8528 | D:10     | Noticed a two-headed ogre
  8536 | D:10     | Noticed a two-headed ogre
  8536 | D:10     | Noticed GigaChad's ghost (journeyman FoFi)
  8597 | D:10     | Found a transporter.
  8877 | D:10     | Found a sacrificial altar of Ru.
  8924 | D:10     | Found a transporter.
  9235 | D:10     | Found a staircase to the Lair.
  9236 | D:10     | Noticed a two-headed ogre
  9245 | D:10     | Killed a two-headed ogre
  9292 | D:10     | Noticed a two-headed ogre
  9301 | D:10     | Killed a two-headed ogre
  9536 | Lair:1   | Entered Level 1 of the Lair of Beasts
  9708 | Lair:1   | Reached XP level 12. HP: 34/94 MP: 5/12
  9946 | D:10     | Reached skill level 9 in Armour
 10293 | Lair:1   | Noticed Amaemon
 10332 | Lair:1   | Killed Amaemon
 11646 | Lair:2   | You fall into a shaft and drop 2 floors!
 11864 | Lair:3   | Found a frozen archway.
 11878 | IceCv    | Entered an ice cave
 12477 | IceCv    | Reached skill level 10 in Armour
 12828 | IceCv    | Noticed a reaper
 12885 | IceCv    | Mangled by a reaper

Illustrated notes

Levels and vault maps discovered:
D:1:      heliophobic_arrival_enchanted_forest, layout_rooms
D:2:      layout_basic, serial_co_window_serial, co_window_of_opportunity_a,
          co_window_corner_a, co_window_of_opportunity_a,
          co_window_of_opportunity_a, co_window_of_opportunity_a,
          co_window_corner_b, co_window_unsneaky_path_e, co_window_2corner,
          glass_columns_a, glass_columns_a, glass_columns_b, glass_columns_b,
          glass_columns_c, serial_bayou_crossing, uniq_crazy_yiuf_cottage
D:3:      layout_loops_corners, portal_sewer_entry_e
D:4:      layout_cave_pools, minmay_temple_entry_waves,
          hangedman_decor_clover_reticule, minmay_fractal_squares_gapless_5,
          uniq_natasha, uniq_eustachio, uniq_grinder
D:5:      layout_basic, ebering_dispersal_statue_hall, uniq_sigmund
D:6:      layout_cave_pods, serial_rivers, chequers_serial_rivers_small_a,
          chequers_serial_rivers_micro_c, chequers_serial_rivers_large_b,
          chequers_serial_rivers_marsh, chequers_serial_rivers_small_b,
          uniq_pikel
D:7:      layout_basic, serial_shops, nicolae_shop_waterfront,
          grunt_decor_fettered, minmay_shattered_shrine, uniq_joseph
D:8:      nicolae_hitomezashi [nicolae_hito_row, nicolae_hito_row,
          nicolae_hito_row, nicolae_hito_row, nicolae_hito_row,
          nicolae_hito_row, nicolae_hito_row, nicolae_hito_row,
          nicolae_hito_row, nicolae_hito_row, nicolae_hito_row,
          nicolae_hito_row, nicolae_hito_row, nicolae_hito_row,
          nicolae_hito_row, nicolae_hito_row, nicolae_hito_row,
          nicolae_hito_row], layout_loops_ring, amcnicky_mini_corridor_feature,
          uniq_psyche, uniq_erica
D:9:      layout_big_octagon, mainiacjoe_overflow_catwalk_spiral, uniq_harold
D:10:     layout_stronghold, nicolae_ru_awakened_eye, nzn_ghost_randoct
Temple:   nicolae_temple_bog_church
Lair:1:   layout_small_grid, minivault_25, beast_lair_carwin_9, uniq_amaemon
Lair:2:   dreamdust_isle_of_ice, layout_misc_corridors, dummy_snake_entry
Lair:3:   layout_small_grid, swamp_mist, portal_ice_cave_entry_imps,
          grunt_megastairs_3
Lair:4:   layout_roguey, minmay_slime_entry_oklob_enclosed, lemuel_fruit_tree,
          serial_bayou_shore_a, grunt_megastairs_1
IceCv:    ice_cave_small_demon

Skill      XL: |  1  2  3  4  5  6  7  8  9 10 11 12 |
---------------+-------------------------------------+-----
Axes           | 2 3 4 5 |  5.1
Armour         | 3 4 6 7 8 10 | 10.1
Dodging        | 1 2 3 4 5 6 7 |  7.0
Shields        | 3 4 5 6 7 8 |  8.2
Fighting       | 4 5 6 7 8 9 |  9.4
Maces & Flails | 2 4 5 7 8 9 |  9.5
Stealth        | 1 2 |  2.2
Evocations     | 1 |  1.2
Throwing       | 1 2 3 4 |  4.5

Action                     |  1- 3 |  4- 6 |  7- 9 | 10-12 || total
---------------------------+-------+-------+-------+-------++-------
  Melee: War axe           |    98 |    93 |       |       ||   191
         Touch             |     2 |    15 |    36 |   140 ||   193
         Mace              |       |    24 |   193 |   693 ||   910
         Punch             |       |       |     3 |     6 ||     9
  Throw: Boomerang         |       |    18 |    15 |    85 ||   118
         Dart              |       |       |     8 |    39 ||    47
         Throwing net      |       |       |       |     2 ||     2
  Evoke: Wand              |       |       |       |    11 ||    11
         Piece from Xom's  |       |       |       |     2 ||     2
    Use: Scroll            |    10 |     1 |     5 |    13 ||    29
         Potion            |     1 |     4 |       |    11 ||    16
   Stab: Sleeping          |       |     1 |     1 |       ||     2
         Invisible         |       |       |       |     2 ||     2
 Armour: Leather armour    |    36 |    88 |    15 |       ||   139
         Skin              |       |     7 |       |       ||     7
         Scale mail        |       |       |    60 |   277 ||   337
  Dodge: Dodged            |    61 |    93 |   107 |   693 ||   954
         Repelled          |       |       |     2 |     9 ||    11
  Block: Buckler           |    22 |       |       |       ||    22

Table legend: (Time is in decaauts)
 A = Elapsed time spent in this place.
 B = Non-inter-level travel time spent in this place.
 C = Inter-level travel time spent in this place.
 D = Time resting spent in this place.
 E = Time spent auto-exploring this place.
 F = Levels seen in this place.
 G = Mean time per level.
                   A        B        C        D        E       F      G
               +--------+--------+--------+--------+--------+-----+--------+
         Total |  13104 |  12627 |    477 |      4 |   9373 |  17 |  770.8 |
       Dungeon |   9247 |   8799 |    448 |      4 |   6607 |  10 |  924.7 |
        Temple |    210 |    190 |     20 |      0 |    176 |   1 |  210.0 |
          Lair |   2021 |   2012 |      9 |      0 |   1452 |   4 |  505.2 |
         Sewer |    625 |    625 |      0 |      0 |    388 |   1 |  625.0 |
      Ice Cave |   1000 |   1000 |      0 |      0 |    749 |   1 | 1000.0 |
               +--------+--------+--------+--------+--------+-----+--------+

Top non-repeatable levels by time:
    D:10: 1416 daAuts
  Lair:1: 1313 daAuts
     D:3: 1143 daAuts
     D:7: 1070 daAuts
     D:6: 1008 daAuts
   IceCv: 1000 daAuts
     D:2: 980 daAuts
     D:8: 898 daAuts
     D:9: 861 daAuts
     D:4: 667 daAuts
     D:5: 630 daAuts
   Sewer: 625 daAuts
     D:1: 569 daAuts
  Lair:2: 477 daAuts
  Lair:3: 224 daAuts
